 Dungeon Crawl Stone Soup version 0.27.0-1-g7a089689b8 (webtiles) character file.

Game seed: 14518681816647814834

1500 sasquatch the Carver (level 8, -2/64 HPs)
             Began as a Minotaur Fighter on Aug 8, 2021.
             Was a Follower of Okawaru.
             Slain by Maggie (4 damage)
             ... on level 6 of the Dungeon.
             The game lasted 00:08:58 (5693 turns).

sasquatch the Carver (Minotaur Fighter)             Turns: 5693, Time: 00:08:58

Health: -2/64      AC:  9    Str: 23    XL:     8   Next: 52%
Magic:  5/7        EV: 11    Int:  5    God:    Okawaru [*.....]
Gold:   216        SH:  0    Dex: 10    Spells: 7/7 levels left

rFire    . . .     SeeInvis .   a - +0 long sword
rCold    . . .     Faith    .   (no shield)
rNeg     . . .     Spirit   .   k - +0 scale mail
rPois    .         Reflect  .   (helmet restricted)
rElec    .         Harm     .   f - +0 cloak
rCorr    .         Rampage  .   (no gloves)
Will     +....                  (no boots)
Stlth    +.........             (no amulet)
HPRegen  0.20/turn              j - ring of willpower
MPRegen  0.10/turn              (no ring)

@: heroic, mesmerised
A: horns 2, retaliatory headbutt
a: Renounce Religion, Heroism


You were on level 6 of the Dungeon.
You worshipped Okawaru.
Okawaru was aware of your devotion.
You visited 2 branches of the dungeon, and saw 7 of its levels.

You collected 216 gold pieces.

Inventory:

Hand Weapons
 a - a +0 long sword (weapon)
 b - a +1 dagger of venom
 r - the +3 hand axe of Unic {pain, rN+++ MP-9 SInv Stlth+}
   (You found it on level 4 of the Dungeon)

   In the hands of one skilled in necromantic magic, it inflicts extra damage on
   living creatures.
   rN:        It renders you almost immune to negative energy.
   MP:        It affects your magic capacity (-9).
   SInv:      It lets you see invisible.
   Stlth:     It makes you more stealthy.
Missiles
 l - 2 throwing nets
 m - 17 poisoned darts (quivered)
Armour
 c - a +0 kite shield
 f - a +0 cloak (worn)
 k - a +0 scale mail (worn)
Jewellery
 j - a ring of willpower (left hand)
 t - a ring of flight
Scrolls
 e - 5 scrolls of identify {unknown}
 g - 2 scrolls of amnesia {unknown}
 h - 2 scrolls of torment {unknown}
 i - 2 scrolls of noise {unknown}
 p - 3 scrolls of enchant armour {unknown}
 q - a scroll of fog {unknown}
 s - a scroll of enchant weapon {unknown}
 u - a scroll of vulnerability {unknown}
Potions
 d - a potion of berserk rage {unknown}
 n - 2 potions of lignification {unknown}
 o - a potion of flight {unknown}
 v - a potion of heal wounds {unknown}


   Skills:
 - Level 3.6(8.6) Fighting
 + Level 12.5(17.5) Long Blades
 - Level 3.6(8.6) Armour
 - Level 3.6(8.6) Shields


You had 7 spell levels left.
You didn't know any spells.
Your spell library contained the following spells:

 Spells                   Type           Power      Damage    Failure   Level
 Blink                    Tloc           N/A        N/A       87%         2
 Manifold Assault         Tloc           0%         N/A       100%        5
 Storm Form               Tmut/Air       0%         N/A       100%        7


Dungeon Overview and Level Annotations

Branches:
Dungeon (6/15)             Temple (1/1) D:4

Altars:
Ashenzari
Cheibriados
Dithmenos
Elyvilon
Fedhas
Gozag
Hepliaklqana
Kikubaaqudgha
Makhleb
Nemelex Xobeh
Okawaru
Ru
Sif Muna
Trog
Uskayaw
Vehumet
Wu Jian
Xom
Yredelemnul
Zin
The Shining One

Shops:
D:6 [

Annotations:
D:6 Maggie


Innate Abilities, Weirdness & Mutations

You have a pair of horns on your head.
You reflexively headbutt those who attack you in melee.


Message History

The scorpion stings you but does no damage.
You hit the scorpion.
You kill the scorpion!
Okawaru accepts your kill.
Maggie mumbles some strange words.
Maggie attempts to bespell you! You resist with almost no effort.
Press: ? - help, v - describe, . - travel
Here: Maggie, wielding a +2 scimitar of flaming and wearing +0 acid dragon scales The floor.
Okay, then.
Maggie gestures wildly while chanting.
Maggie attempts to bespell you! You resist with almost no effort.
Maggie mumbles the words to a spell, but in the wrong order.
Maggie casts a spell.
Maggie attempts to bespell you!
You are mesmerised by Maggie!
You hit Maggie but do no damage.
Maggie is poisoned.
Maggie gestures at you while chanting. The bolt of fire hits you!!
You hit Maggie but do no damage.
Maggie looks even sicker.
You headbutt Maggie.
Maggie is lightly wounded.
You hit Maggie.
Maggie looks as sick as possible!
Maggie is lightly wounded.
Maggie closely misses you.
You fail to use your ability.
Maggie hits you with a +2 scimitar of flaming!
Maggie burns you.
You gain the combat prowess of a mighty hero.
Maggie hits you with a +2 scimitar of flaming!
* * * LOW HITPOINT WARNING * * *
Maggie burns you.
* * * LOW HITPOINT WARNING * * *
Your +1 dagger of venom stops dripping with poison.
a - a +0 long sword (weapon)
You barely miss Maggie.
Maggie is moderately wounded.
Maggie hits you with a +2 scimitar of flaming!
* * * LOW HITPOINT WARNING * * *
Maggie burns you.
You die...

# #.# #. #####.###
#..#....... ###
#.....8### #.. ...
###........ #.###..
..# .#.8.<.∩.>. .....
..##...#.......
#.@###.###.#####8..#
#..@##.# #.# ##.##
##..##.# #.# ##.#
#..##.###'## #..#
#####..##.##...####.##
#..........#.........#
#.##...(..#.......####
#...###....<.....#
..... #..........+
#.#... #..........#


You could see Maggie (mesmerising, extremely poisoned).

Vanquished Creatures
  Grinder (D:3)
  A black bear (D:5)
  A sky beast (D:5)
  3 ogres
  A centaur (D:5)
  2 phantoms
  A gnoll sergeant (D:5)
  2 scorpions
  A bullfrog zombie (D:5)
  A hound (D:5)
  A gnoll shaman (D:4)
  A bullfrog skeleton (D:4)
  Terence (D:3)
  3 orc wizards
  8 gnolls
  7 adders
  2 worms
  13 dart slugs
  8 orcs
  5 bats
  8 endoplasms
  A giant cockroach (D:1)
  5 goblins
  5 hobgoblins
  7 jackals
  3 quokkas
  2 ball pythons (D:3)
  5 frilled lizards
  7 kobolds
  2 rats
108 creatures vanquished.

Notes
Turn   | Place    | Note
-------+----------+-------------------------------------------
     0 | D:1      | sasquatch the Minotaur Fighter began the quest for the Orb.
     0 | D:1      | Reached XP level 1. HP: 19/19 MP: 0/0
    35 | D:1      | Found a faded altar of an unknown god.
   304 | D:1      | Reached skill level 3 in Long Blades
   452 | D:1      | Reached XP level 2. HP: 25/26 MP: 1/1
   608 | D:1      | Reached skill level 4 in Long Blades
   938 | D:2      | Reached XP level 3. HP: 26/31 MP: 2/2
  1165 | D:2      | Reached skill level 5 in Long Blades
  1309 | D:2      | Reached XP level 4. HP: 33/39 MP: 3/3
  1683 | D:3      | Noticed Grinder
  1712 | D:3      | Killed Grinder
  1713 | D:3      | Reached skill level 7 in Long Blades
  1713 | D:3      | Reached XP level 5. HP: 45/45 MP: 4/4
  1713 | D:3      | Reached XP level 6. HP: 51/51 MP: 5/5
  1837 | D:3      | Reached skill level 8 in Long Blades
  1874 | D:3      | You fall into a shaft and drop 2 floors!
  1874 | D:5      | Entered Level 5 of the Dungeon
  2102 | D:4      | Reached skill level 9 in Long Blades
  2151 | D:4      | Reached XP level 7. HP: 49/57 MP: 6/6
  2534 | D:3      | Reached skill level 10 in Long Blades
  2552 | D:3      | Noticed Terence
  2561 | D:3      | Killed Terence
  3201 | D:4      | Identified the +3 hand axe of Unic {pain, rN+++ MP-9 SInv
                  | Stlth+}
  3781 | D:4      | Found a staircase to the Ecumenical Temple.
  3786 | Temple   | Entered the Ecumenical Temple
  3894 | Temple   | Became a worshipper of Warmaster Okawaru
  4276 | D:5      | Reached skill level 11 in Long Blades
  4287 | D:5      | Reached XP level 8. HP: 64/64 MP: 7/7
  4712 | D:5      | Reached * piety under Okawaru
  4713 | D:5      | Reached skill level 12 in Long Blades
  5651 | D:6      | Found Ypuvvife's Antique Armour Shop.
  5679 | D:6      | Noticed Maggie
  5693 | D:6      | HP: 2/64 [Maggie (10)]
  5693 | D:6      | Slain by Maggie

Illustrated notes

Levels and vault maps discovered:
D:1:      beargit_arrival_greenhouse, layout_loops_cross,
          shapermc_ecumenical_altar_acropolis, minivault_25,
          chequers_mini_garden
D:2:      wad_crossroads, layout_loops_cross, minmay_statues_item
D:3:      kennysheep_slugbush, layout_rooms, uniq_grinder, uniq_terence
D:4:      layout_layer_cave, minmay_temple_entry_nine_rooms
D:5:      layout_basic
D:6:      minmay_octagon_keep, layout_loops_corners, serial_shops,
          nicolae_stop_n_shop_2, shop, nicolae_stop_n_shop_2,
          nicolae_diamond_shop, nicolae_shop_stone, ebering_ghost_xom,
          uniq_maggie
Temple:   kilobyte_greek_temple

Skill      XL: |  1  2  3  4  5  6  7  8 |
---------------+-------------------------+-----
Long Blades    | 3 4 5 7 9 11 12 | 12.5
Fighting       | |  3.6
Armour         | |  3.6
Shields        | |  3.6

Action                   |  1- 3 |  4- 6 |  7- 9 || total
-------------------------+-------+-------+-------++-------
Melee: Long sword        |    71 |    17 |    12 ||   100
       Headbutt          |    11 |    15 |    38 ||    64
       Dagger            |       |    59 |   147 ||   206
Invok: Heroism           |       |       |     1 ||     1
  Use: Potion            |       |     1 |       ||     1
Armor: Scale mail        |    39 |    31 |    44 ||   114
Dodge: Dodged            |    27 |    26 |    45 ||    98
       Rpst.: Long sword |     3 |       |     1 ||     4
